 Dungeon Crawl Stone Soup version 0.22-a0-351-g29664b4 (webtiles) character file.

100 CanOfBees the Conjurer (level 4, -1/24 HPs)
             Began as a Deep Elf Conjurer on Apr 12, 2018.
             Slain by an orc warrior
             ... wielding a +0 scimitar
              (23 damage)
             ... on level 3 of the Dungeon.
             The game lasted 00:04:38 (2193 turns).

CanOfBees the Conjurer (Deep Elf Conjurer)          Turns: 2193, Time: 00:04:39

Health: -1/24      AC:  2    Str:  5    XL:     4   Next: 46%
Magic:  7/12       EV: 13    Int: 21    God:
Gold:   147        SH:  0    Dex: 15    Spells: 8/11 levels left

rFire    . . .     SeeInvis .   j - +0 spear
rCold    . . .     Gourm    .   (no shield)
rNeg     . . .     Faith    .   a - +0 robe
rPois    .         Spirit   .   (no helmet)
rElec    .         Reflect  .   (no cloak)
rCorr    .         Harm     .   (no gloves)
MR       .....                  (no boots)
Stlth    ++........             d - amulet of magic regeneration
HPRegen  0.08/turn              p - ring of flight
MPRegen  0.38/turn              (no ring)

@: no status effects
A: no striking features
a: Evoke Flight


You were on level 3 of the Dungeon.
You were not hungry.

You visited 1 branch of the dungeon, and saw 3 of its levels.

You collected 147 gold pieces.

Inventory:

Hand Weapons
 j - a +0 spear (weapon)
Armour
 a - a +0 robe (worn)
Jewellery
 d - an amulet of magic regeneration (around neck)
 p - a ring of flight (left hand)
Scrolls
 b - 2 scrolls of amnesia {unknown}
 f - 2 scrolls of remove curse
 i - a scroll of fog {unknown}
 k - a scroll of enchant armour {unknown}
 n - a scroll of identify
 o - a scroll of fear {unknown}
Potions
 e - a potion of brilliance {unknown}
 g - 2 potions of resistance {unknown}
 l - 2 potions of haste {unknown}
Comestibles
 c - 5 rations
 m - a chunk of flesh


   Skills:
 - Level 2.4 Dodging
 - Level 2.4 Stealth
 + Level 4.3 Spellcasting
 * Level 5.9 Conjurations


You had 8 spell levels left.
You knew the following spells:

 Your Spells              Type           Power        Failure   Level  Hunger
a - Magic Dart            Conj           ####         1%          1    None
b - Searing Ray           Conj           ####..       1%          2    #......


Dungeon Overview and Level Annotations

Branches:
Dungeon (3/15)

Altars:


Message History

Press: ? - help, Shift-Dir - straight line, f/p - orc warrior
Aim: an orc warrior, wielding a scimitar and wearing a chain mail (moderately wounded)
The magic dart hits the orc warrior.
The orc warrior is moderately wounded.
Casting: Magic Dart (safe; 1% risk of failure)
Confirm with . or Enter, or press ? or * to list all spells.
Aiming: Searing Ray (safe; 1% risk of failure)
Press: ? - help, Shift-Dir - straight line, f/p - orc warrior
Aim: an orc warrior, wielding a scimitar and wearing a chain mail (moderately wounded)
The searing ray misses the orc warrior. (Press . to maintain the ray.)
The searing ray misses the orc warrior.
The searing ray hits the orc warrior.
The orc warrior is moderately wounded.
The searing ray hits the orc warrior.
The orc warrior is severely wounded.
You finish channeling your searing ray.
The orc warrior closely misses you.
The orc warrior hits you with a scimitar!!
Ouch! That really hurt!
You die...

<.#.....# #.# ..........##.##.#
#.>.#...###.###.#######....#.##÷#
##.##...........# #....#.##>#
...........##### ###.)..#.##.#
#########..## #.......(....
#...#######............
#.........#............
#.........##[..).#..###
#.....@o...o..%..#....o
#.........###..........
#.........# #...##<....
.................##..#.#
##...#####.####.#....o... ##.#
#.# #.#######.# #. #.# #.#
#####o# . ... ... ...#.#
#####.#÷#


You could see an orc warrior and an orc (wandering).

Vanquished Creatures
  An orc wizard (D:3)
  2 adders
  2 leopard geckos (D:1)
  5 orcs
  5 giant cockroaches
  5 goblins
  6 hobgoblins
  4 jackals (D:1)
  3 kobolds
  A ball python (D:3)
  4 bats
  5 frilled lizards
  5 rats
48 creatures vanquished.

Notes
Turn   | Place    | Note
-------+----------+-------------------------------------------
     0 | D:1      | CanOfBees the Deep Elf Conjurer began the quest for the Orb.
     0 | D:1      | Reached XP level 1. HP: 10/10 MP: 6/6
   210 | D:1      | Reached XP level 2. HP: 15/15 MP: 6/8
   214 | D:1      | Learned a level 2 spell: Searing Ray
   498 | D:1      | Reached skill level 5 in Conjurations
  1069 | D:1      | Reached XP level 3. HP: 19/19 MP: 8/10
  1898 | D:3      | Noticed an orc warrior
  1915 | D:2      | Reached XP level 4. HP: 19/24 MP: 4/12
  2193 | D:3      | Slain by an orc warrior

Vault maps used:
D:1:      arrival_zaba_pyramid
D:2:      first_ration
D:3:      lemuel_coloured_pillars_altar, nicolae_gozag_seed_capital,
          kennysheep_generic_room_4, uniq_grinder, uniq_robin

Skill      XL: |  1  2  3 |
---------------+----------+-----
Conjurations   | 5 |  5.9
Spellcasting   | 4 |  4.3
Dodging        | |  2.4
Stealth        | |  2.4

Action                   |  1- 3 |  4- 6 || total
-------------------------+-------+-------++-------
Melee: Spear             |    22 |     2 ||    24
 Cast: Magic Dart        |    47 |    16 ||    63
       Searing Ray       |    12 |     3 ||    15
  Use: Scroll            |     2 |     1 ||     3
 Stab: Sleeping          |     1 |       ||     1
  Eat: Chunk             |     3 |     1 ||     4
Armor: Robe              |     8 |       ||     8
Dodge: Dodged            |    39 |     2 ||    41

Table legend:
 A = Spawn XP
 B = Non-spawn XP
 C = Spawn XP percentage of total XP
 D = Spawn monster count
 E = Non-spawn monster count
 F = Spawn count percentage of total count
 G = Total turns spent on level
                    A         B        C        D         E        F      G
               +---------+---------+-------+---------+---------+-------+---------
         Total |       0 |     143 |   0.0 |       0 |      48 |   0.0 |  2193
               +---------+---------+-------+---------+---------+-------+---------
           D:1 |       0 |      45 |   0.0 |       0 |      24 |   0.0 |  1359
           D:2 |       0 |      24 |   0.0 |       0 |       6 |   0.0 |   408
           D:3 |       0 |      74 |   0.0 |       0 |      18 |   0.0 |   426
               +---------+---------+-------+---------+---------+-------+---------
